 Dungeon Crawl Stone Soup version 0.29.1 (webtiles) character file.

Game seed: 2781162045607611776

230 GigaChad the Covered (level 5, -8/47 HPs)
             Began as a Minotaur Fighter on Sept 9, 2022.
             Killed by divine providence
             ... invoked by an orc priest
              (13 damage)
             ... on level 4 of the Dungeon on Sept 13, 2022.
             The game lasted 00:08:11 (2230 turns).

GigaChad the Covered (Minotaur Fighter)             Turns: 2230, Time: 00:08:13

Health: -8/47      AC:  9    Str: 21    XL:     5   Next: 72%
Magic:  4/4        EV:  7    Int:  7    God:
Gold:   110        SH:  5    Dex: 15    Spells: 4/4 levels left

rFire   . . .      SeeInvis .   a - +1 long sword
rCold   . . .      Faith    .   c - +0 buckler
rNeg    . . .      Spirit   .   p - +0 chain mail
rPois   .          Reflect  .   (helmet restricted)
rElec   .          Harm     .   (no cloak)
rCorr   .          Rampage  .   (no gloves)
Will    .....                   (no boots)
Stlth   ..........              (no amulet)
HPRegen 0.15/turn               m - +6 ring of dexterity
MPRegen 0.09/turn               (no ring)

@: no status effects
A: horns 2, retaliatory headbutt
a: no special abilities


You were on level 4 of the Dungeon.
You visited 1 branch of the dungeon, and saw 4 of its levels.

You collected 110 gold pieces.

Inventory:

Hand Weapons
 a - a +1 long sword (weapon)
 h - a +0 war axe
 l - a +3 short sword
Missiles
 e - 4 curare-tipped darts
Armour
 b - a +0 scale mail
 c - a +0 buckler (worn)
 p - a +0 chain mail (worn)
Jewellery
 f - a ring of protection from cold
 m - a +6 ring of dexterity (left hand)
Wands
 o - a wand of iceblast (6) (quivered)
Potions
 d - a potion of might
 g - a potion of lignification {unknown}
 i - 2 potions of attraction {unknown}
 j - a potion of ambrosia {unknown}
 k - a potion of heal wounds {unknown}
 n - 2 potions of mutation {unknown}


   Skills:
 + Level 4.6 Fighting
 + Level 4.8 Long Blades
 + Level 5.1 Armour
 + Level 0.9 Dodging
 + Level 0.2 Stealth
 + Level 4.2 Shields
 + Level 0.3 Evocations


You had 4 spell levels left.
You didn't know any spells.
Your spell library contained the following spells:

 Spells                   Type           Power      Damage    Failure   Level
 Shock                    Conj/Air       0%         1d3       99%         1
 Gell's Gravitas          Tloc           0%         N/A       100%        3
 Lesser Beckoning         Tloc           0%         N/A       100%        3
 Swiftness                Air            0%         N/A       100%        3
 Teleport Other           Tloc           0%         N/A       100%        3
 Airstrike                Air            0%         2d(0-16)  100%        4


Dungeon Overview and Level Annotations

Branches:
Dungeon (4/15)
 Temple: D:4-7

Altars:
Gozag

Shops:
D:1 :!


Innate Abilities, Weirdness & Mutations

You have a pair of horns on your head.
You reflexively headbutt those who attack you in melee.


Message History

Your Armour skill increases to level 5!
You have reached level 5!
You barely miss the orc priest. You headbutt the orc priest.
The orc priest is lightly wounded.
Something hits you. You block the orc priest's attack.
You hit the orc priest.
The orc priest is moderately wounded.
The orc priest hits you but does no damage.
Something hits you but does no damage. Something hits you.
Something hits you but does no damage. x2
The orc priest mumbles some strange prayers to Beogh against you.
Pain shoots through your body!
The orc priest mumbles some strange prayers to Beogh against you.
Beogh smites you!
* * * LOW HITPOINT WARNING * * *
Something hits you but does no damage.
You hit something. Something hits you but does no damage.
The orc priest hits you but does no damage.
Something hits you.
* * * LOW HITPOINT WARNING * * *
You slash something!
Something hits you but does no damage. x2
The orc priest hits you but does no damage.
You hit something but do no damage. You headbutt something.
Reactivating autopickup.
You feel a bit more experienced.
The orc priest hits you with a +0 short sword.
* * * LOW HITPOINT WARNING * * *
Something hits you.
* * * LOW HITPOINT WARNING * * *
Deactivating autopickup; reactivate with Ctrl-A.
You slash something! Something hits you but does no damage.
The orc priest hits you but does no damage.
You closely miss something. You headbutt something.
Reactivating autopickup.
You feel a bit more experienced.
The orc priest hits you with a +0 short sword.
* * * LOW HITPOINT WARNING * * *
The orc priest mumbles some strange prayers to Beogh against you.
Beogh smites you!
You die...

#.# #?# # #.[
..
#.###.####..#
.##...).......#
..o...)........
##<## ##)o.##
#.@S..#
####.......
#.##### .# .#
.#


You could see an orc priest and a ball python.

Vanquished Creatures
  A phantom (D:4)
  3 orc wizards
  An adder (D:2)
  4 worms
  4 dart slugs
  10 orcs
  4 bats
  2 endoplasms
  2 giant cockroaches
  2 goblins (D:2)
  4 hobgoblins
  2 jackals (D:2)
  7 kobolds
  3 quokkas
  5 ball pythons
  A frilled lizard (D:1)
  10 rats
65 creatures vanquished.

Notes
Turn   | Place    | Note
-------+----------+-------------------------------------------
     0 | D:1      | GigaChad the Minotaur Fighter began the quest for the Orb.
     0 | D:1      | Reached XP level 1. HP: 19/19 MP: 0/0
   255 | D:1      | Reached XP level 2. HP: 26/27 MP: 1/1
   275 | D:1      | Found Cochymots's Book Shoppe.
   492 | D:1      | Found Weqiuttyi's Distillery.
   765 | D:1      | Reached skill level 4 in Armour
   827 | D:2      | Upgraded the game from 0.29.0-13-gc9e81de378 to 0.29.1
  1033 | D:2      | Reached XP level 3. HP: 31/33 MP: 2/2
  1495 | D:3      | Reached XP level 4. HP: 28/40 MP: 3/3
  1924 | D:3      | Found an opulent altar of Gozag.
  2212 | D:4      | Noticed a phantom
  2222 | D:4      | Killed a phantom
  2223 | D:4      | Reached skill level 5 in Armour
  2223 | D:4      | Reached XP level 5. HP: 32/47 MP: 4/4
  2230 | D:4      | Killed from afar by an orc priest

Illustrated notes

Levels and vault maps discovered:
D:1:      dpeg_arrival_oval, layout_loops_ring, serial_shops,
          nicolae_shop_advertising_works [nicolae_subvault_shop_adworks], shop,
          shapermc_ecumenical_altar_mp_highgroup, bh_walls_and_bars
D:2:      layout_rooms, basic_altar
D:3:      layout_basic, grunt_gozag_breadcrumbs
D:4:      layout_loops_ring, zin_treasury, mainiacjoe_overflow_24_doors,
          nicolae_ossuary_entry_catacombs, uniq_blork_the_orc

Skill      XL: |  1  2  3  4 |
---------------+-------------+-----
Fighting       | 4 |  4.6
Armour         | 4 5 |  5.1
Long Blades    | 3 4 |  4.8
Shields        | 4 |  4.2
Dodging        | |  0.9
Stealth        | |  0.2
Evocations     | |  0.3

Action                   |  1- 3 |  4- 6 || total
-------------------------+-------+-------++-------
Melee: Long sword        |    91 |    43 ||   134
       Headbutt          |    13 |    13 ||    26
Evoke: Wand              |       |     4 ||     4
  Use: Scroll            |     5 |     1 ||     6
Armor: Scale mail        |    46 |    11 ||    57
       Chain mail        |       |    27 ||    27
Dodge: Dodged            |    57 |    14 ||    71
Block: Buckler           |    16 |    15 ||    31
